 Dungeon Crawl Stone Soup version 0.29-a0-575-g0dc89cf053 (webtiles) character file.

Game seed: 1803392453572795792

879 dohliylev the Ruffian (level 7, -8/67 HPs)
             Began as a Troll Fighter on June 12, 2022.
             Was a Follower of Okawaru.
             Killed from afar by an acid dragon (30 damage)
             ... with a splash of acid
             ... on level 6 of the Dungeon.
             The game lasted 00:07:51 (3478 turns).

dohliylev the Ruffian (Troll Fighter)               Turns: 3478, Time: 00:07:51

Health: -8/67      AC:  5    Str: 27    XL:     7   Next: 75%
Magic:  6/6        EV:  9    Int:  4    God:    Okawaru [*.....]
Gold:   339        SH:  7    Dex:  9    Spells: 6/6 levels left

rFire   . . .      SeeInvis .     - Unarmed
rCold   + . .      Faith    .   b - +0 kite shield
rNeg    + . .      Spirit   .   a - +0 robe
rPois   .          Reflect  .   (helmet restricted)
rElec   .          Harm     .   z - +0 cloak "Yrphajoro" {rC+ Will+}
rCorr   .          Rampage  .   (gloves unavailable)
Will    +....                   (boots unavailable)
Stlth   +.........              (no amulet)
HPRegen 1.01/turn               l - +4 ring of protection
MPRegen 0.10/turn               B - ring of positive energy

@: corroded
A: large, unfitting armour, claws 3, regeneration 1, shaggy fur 1, tough skin 1
a: Renounce Religion, Heroism


You were on level 6 of the Dungeon.
You worshipped Okawaru.
Okawaru was aware of your devotion.
You visited 1 branch of the dungeon, and saw 6 of its levels.

You collected 339 gold pieces.

Inventory:

Missiles
 d - 2 javelins
 s - 4 boomerangs (quivered)
Armour
 a - a +0 robe (worn)
 b - a +0 kite shield (worn)
 h - a scarf of resistance
 z - the +0 cloak "Yrphajoro" (worn) {rC+ Will+}
   (You found it on level 5 of the Dungeon)

   rC:        It protects you from cold.
   Will:      It increases your willpower.
Jewellery
 l - a +4 ring of protection (left claw)
 m - a +6 ring of intelligence
 n - a ring of ice
 B - a ring of positive energy (right claw)
Scrolls
 e - 5 scrolls of identify {unknown}
 f - a scroll of poison {unknown}
 j - a scroll of enchant armour {unknown}
 o - 2 scrolls of noise {unknown}
 q - 2 scrolls of immolation {unknown}
 r - a scroll of blinking {unknown}
 u - a scroll of amnesia {unknown}
 y - 2 scrolls of teleportation {unknown}
 C - a scroll of magic mapping {unknown}
Potions
 c - a potion of might
 g - 2 potions of lignification {unknown}
 i - a potion of mutation {unknown}
 k - 4 potions of curing {unknown}
 p - a potion of ambrosia {unknown}
 v - a potion of berserk rage {unknown}
 w - a potion of attraction {unknown}
 x - a potion of magic {unknown}
 A - a potion of haste {unknown}


   Skills:
 + Level 3.3 Fighting
 + Level 0.2 Throwing
 + Level 4.4 Dodging
 + Level 4.1 Shields
 + Level 6.3 Unarmed Combat


You had 6 spell levels left.
You didn't know any spells.
Your spell library contained the following spells:

 Spells                   Type           Power      Damage    Failure   Level
 Dazzling Flash           Conj/Hex       0%         N/A       98%         3
 Gell's Gravitas          Tloc           0%         N/A       98%         3
 Lesser Beckoning         Tloc           0%         N/A       98%         3
 Teleport Other           Tloc           0%         N/A       98%         3
 Airstrike                Air            0%         N/A       100%        4
 Iskenderun's Mystic Bla  Conj/Tloc      0%         2d3       100%        4
 Lightning Bolt           Conj/Air       0%         1d11      100%        5
 Starburst                Conj/Fire      0%         6d3       100%        6
 Summon Lightning Spire   Summ/Air       Unusable   N/A       N/A         4

Dungeon Overview and Level Annotations

Branches:
Dungeon (6/15)
 Temple: D:4-7

Altars:
Cheibriados
Okawaru
Qazlal

Annotations:
D:4 Menkaure
D:6 2 runed translucent doors


Innate Abilities, Weirdness & Mutations

You are too large for most types of armour.
You have claws for hands.
Your natural rate of healing is unusually fast.
You are covered in fur. (AC +1)
You have tough skin. (AC +1)


Message History

You kill the centaur!
Okawaru accepts your kill.
Things that are here:
a +0 shortbow; a centaur corpse You open the large door.
The acid dragon spits acid at you. The splash of acid hits you!!!
Ouch! That really hurt!
The acid corrodes you!
The centaur wields a +0 shortbow.
The centaur shoots an arrow.
You block the arrow.
You completely miss the acid dragon. The acid dragon bites you!
The acid dragon claws you but does no damage.
You closely miss the acid dragon. The acid dragon bites you.
The acid dragon claws you.
* * * LOW HITPOINT WARNING * * *
You scratch the acid dragon.
The acid dragon is lightly wounded.
The acid dragon bites you but does no damage.
The acid dragon claws you but does no damage.
You scratch the acid dragon.
The acid dragon is lightly wounded.
The acid dragon spits acid at you. The splash of acid hits you!
* * * LOW HITPOINT WARNING * * *
You scratch the acid dragon.
The acid dragon is moderately wounded.
The acid dragon bites you but does no damage.
The acid dragon claws you but does no damage.
You scratch the acid dragon but do no damage.
The acid dragon is moderately wounded.
The acid dragon barely misses you. The acid dragon claws you.
* * * LOW HITPOINT WARNING * * *
You feel much better. The acid dragon bites you!
The acid dragon barely misses you.
You scratch the acid dragon.
The acid dragon is heavily wounded.
The acid dragon spits acid at you. The splash of acid hits you!!
You die...

##++##..#...#.#
##8..8##.###.#.#
#8....8#.....#.#
#:....$#.#####.#
#/....[#.# #.#
#8....8#.#####)#
#8..8##.......#
+.##''##........#
#....cD@.......##
#....####(.....#
#.### #......# #.
###.#### #.# #.#
..#


You could see an acid dragon (catching breath) and a centaur.

Vanquished Creatures
  Edmund (D:4)
  A black bear (D:5)
  A centaur (D:6)
  A gnoll sergeant (D:5)
  A howler monkey (D:5)
  3 jellies
  4 hounds
  2 iguanas (D:5)
  Robin (D:2)
  6 adders
  7 gnolls (D:5)
  An ufetubus (D:5)
  A worm (D:2)
  4 dart slugs
  An orc (D:5)
  6 ball pythons
  5 endoplasms
  2 giant cockroaches
  10 hobgoblins
  3 jackals (D:2)
  3 kobolds
  5 quokkas
  2 bats
  3 frilled lizards
  16 goblins
  3 rats
93 creatures vanquished.

Vanquished Creatures (others)
  8 plants (D:2)
8 creatures vanquished.

Grand Total: 101 creatures vanquished

Notes
Turn   | Place    | Note
-------+----------+-------------------------------------------
     0 | D:1      | dohliylev the Troll Fighter began the quest for the Orb.
     0 | D:1      | Reached XP level 1. HP: 22/22 MP: 0/0
   345 | D:1      | Reached XP level 2. HP: 29/29 MP: 1/1
   362 | D:1      | Found a faded altar of an unknown god.
   724 | D:2      | Reached XP level 3. HP: 36/36 MP: 2/2
   938 | D:2      | Noticed Robin
   949 | D:2      | Reached XP level 4. HP: 43/44 MP: 3/3
   984 | D:2      | Killed Robin
   985 | D:2      | Reached skill level 3 in Unarmed Combat
  1457 | D:3      | Reached XP level 5. HP: 53/53 MP: 4/4
  1878 | D:3      | Found a stormy altar of Qazlal.
  1886 | D:3      | Found a snail-covered altar of Cheibriados.
  2078 | D:3      | Found an iron altar of Okawaru.
  2087 | D:3      | Became a worshipper of Warmaster Okawaru
  2132 | D:4      | Noticed Edmund
  2137 | D:4      | Reached skill level 4 in Unarmed Combat
  2153 | D:4      | Killed Edmund
  2154 | D:4      | Reached XP level 6. HP: 17/61 MP: 5/5
  2438 | D:4      | Reached skill level 5 in Unarmed Combat
  2477 | D:4      | Noticed Menkaure
  2482 | D:5      | Entered Level 5 of the Dungeon
  2642 | D:5      | Reached * piety under Okawaru
  2647 | D:5      | Reached XP level 7. HP: 36/67 MP: 6/6
  2706 | D:5      | Identified the +0 cloak "Yrphajoro" {rC+ Will+}
  3180 | D:5      | Reached skill level 6 in Unarmed Combat
  3433 | D:6      | Found a large runed translucent door.
  3433 | D:6      | Found a large runed translucent door.
  3440 | D:6      | Found a large runed translucent door.
  3440 | D:6      | Found a large runed translucent door.
  3478 | D:6      | Killed from afar by an acid dragon

Illustrated notes

Levels and vault maps discovered:
D:1:      lemuel_arrival_muddy, layout_loops_ring, ebering_ecumenical_altar_box,
          amcnicky_mini_pool_small, minmay_misc_feat_rows
D:2:      layout_rooms, serial_bayou, serial_bayou_pond_d, serial_bayou_lake_a,
          serial_bayou_pond_e, serial_bayou_shore_a, roderic_lattice_a,
          uniq_robin
D:3:      layout_loops_ring, amethyst_overflow_temple_binary,
          lemuel_coloured_pillars_altar, kennysheep_generic_room_9
D:4:      layout_rooms, hangedman_abyss_or_decor_stabs, corexii_hall_statues_l,
          uniq_edmund, uniq_menkaure
D:5:      layout_loops_corners
D:6:      layout_basic, minmay_hollow_rounded_squares

Skill      XL: |  1  2  3  4  5  6  7 |
---------------+----------------------+-----
Shields        | 3 4 |  4.1
Dodging        | 3 4 |  4.4
Fighting       | 3 |  3.3
Unarmed Combat | 3 4 5 6 |  6.3
Throwing       | |  0.2

Action                   |  1- 3 |  4- 6 |  7- 9 || total
-------------------------+-------+-------+-------++-------
Melee: Unarmed           |    90 |   166 |    61 ||   317
Throw: Boomerang         |       |     2 |       ||     2
  Use: Potion            |       |       |     1 ||     1
 Stab: Sleeping          |       |     1 |       ||     1
Armor: Robe              |    24 |    65 |    32 ||   121
Dodge: Dodged            |    19 |    82 |    18 ||   119
Block: Kite shield       |    22 |    68 |    20 ||   110

Table legend: (Time is in decaauts)
 A = Elapsed time spent in this place.
 B = Non-inter-level travel time spent in this place.
 C = Inter-level travel time spent in this place.
 D = Time resting spent in this place.
 E = Time spent auto-exploring this place.
 F = Levels seen in this place.
 G = Mean time per level.
                   A        B        C        D        E       F      G
               +--------+--------+--------+--------+--------+-----+--------+
         Total |   3552 |   3451 |    101 |    144 |   2343 |   6 |  592.0 |
       Dungeon |   3552 |   3451 |    101 |    144 |   2343 |   6 |  592.0 |
               +--------+--------+--------+--------+--------+-----+--------+

Top non-repeatable levels by time:
     D:5: 945 daAuts
     D:2: 837 daAuts
     D:3: 760 daAuts
     D:1: 605 daAuts
     D:4: 352 daAuts
     D:6: 51 daAuts
